Map: Central Protocol

Players

ShuriKn - Winner!

  • Race: Terran Terran
  • League: Platinum

MorN

  • Race: Terran Terran
  • League: Platinum

VOD

Have the link to the VOD?

Description

Time

  • Played on: Nov. 9, 2015, 9:46 p.m.
  • Length: 12:15
Show
View Real Time Build Order
Export as new Build Order

ShuriKn Terran - Winner!

Build Orders:  

Get SALT Encoding   

  12  0:01  SCV  
  13  0:13  SCV  
  14  0:29  SCV  
  14  0:32  Supply Depot  
  15  0:54  SCV  
  16  0:58  Barracks  
  16  1:02  Refinery  
  16  1:06  SCV  
  17  1:21  SCV  
  18  1:33  SCV  
  18  1:37  Refinery  
  19  1:45  Orbital Command  
  19  1:46  Reaper  
  20  2:01  Supply Depot  
  20  2:12  SCV  
  20  2:17  Factory  
  20  2:22  Reaper  
  21  2:24  SCV  
  22  2:30  Command Center  
  22  2:36  SCV  
  23  2:47  Supply Depot  
  23  2:48  SCV  
  24  2:54  Reaper  
  25  3:01  Hellion  
  25  3:02  Starport  
  25  3:03  SCV  
  27  3:15  SCV  
  28  3:24  Hellion  
  28  3:26  Reaper  
  31  3:27  SCV  
  32  3:42  Orbital Command  
  32  3:46  Starport Tech Lab  
  32  3:47  Hellion  
  33  3:52  SCV  
  34  3:56  Engineering Bay  
  34  4:05  Banshee, Cloaking Field, Reaper  
  34  4:07  SCV  
  34  4:08  SCV  
  40  4:17  Hellion  
  40  4:19  SCV  
  40  4:20  SCV  
  45  4:31  SCV  
  45  4:32  SCV  
  43  4:42  Hellion, Reaper  
  46  4:51  Banshee  
  44  4:56  SCV  
  44  4:57  SCV  
  45  5:02  Starport  
  45  5:07  Hellion  
  45  5:08  SCV  
  45  5:09  SCV  
  48  5:34  SCV x2  
  47  5:36  Hellion, Raven  
  47  5:41  Factory  
  47  5:48  Barracks Reactor  
  47  5:53  SCV x2  
  48  5:59  Starport Reactor  
  48  6:01  Refinery  
  48  6:05  SCV x2, Refinery  
  48  6:06  Supply Depot  
  48  6:07  Supply Depot  
  48  6:09  Supply Depot  
  50  6:19  Banshee  
  50  6:23  SCV  
  54  6:28  SCV, Factory Tech Lab  
  54  6:31  Factory  
  55  6:34  Command Center  
  55  6:35  SCV  
  56  6:40  SCV, Hellion x2  
  56  6:41  Viking  
  63  6:47  SCV  
  63  6:52  SCV  
  67  6:54  Hellion  
  67  7:02  Hellion x2  
  68  7:12  Viking x2  
  66  7:20  Missile Turret  
  66  7:22  Missile Turret  
  66  7:23  Infernal Pre-Igniter  
  66  7:24  Hellion  
  66  7:25  SCV x2  
  66  7:26  Missile Turret  
  70  7:31  Hellion x2  
  70  7:32  Banshee  
  70  7:35  Supply Depot  
  70  7:36  Supply Depot  
  77  7:37  Supply Depot  
  77  7:40  Armory  
  77  7:43  Armory  
  76  7:54  Hellion x3  
  82  7:59  Orbital Command  
  82  8:02  Viking x2  
  78  8:15  Hellion  
  78  8:17  Hellion  
  78  8:18  Hellion  
  73  8:26  SCV x3  
  71  8:31  Terran Vehicle Weapons Level 1  
  71  8:32  Terran Vehicle And Ship Armor Level 1  
  71  8:33  Banshee  
  74  8:37  Hellion  
  74  8:39  Hellion  
  78  8:44  Hellion x2  
  78  8:46  SCV  
  83  8:49  SCV  
  84  8:58  Hellion  
  84  9:01  Hellion  
  88  9:09  Hellion x2  
  92  9:19  Hellion  
  92  9:22  Hellion  
  86  9:31  Banshee, Hellion x2  
  86  9:32  Viking x2  
  95  9:39  Factory  
  95  9:40  SCV x2  
  95  9:41  SCV, Hellion  
  95  9:44  Hellion, Factory  
  85  9:53  Hellion  
  85  9:54  Hellion  
  87  10:02  Hellion  
  87  10:05  Hellion  
  88  10:09  Viking x2  
  89  10:14  Banshee  
  89  10:15  Hellion  
  83  10:30  Factory Tech Lab, Factory Reactor  
  83  10:31  Hellion  
  83  10:32  SCV x3, Hellion  
  83  10:35  Refinery  
  90  10:36  Refinery  
  90  10:40  Siege Tank  
  90  10:41  Factory Tech Lab  
  93  10:44  SCV x3  
  93  10:46  Command Center  
  96  10:50  Viking x2  
  96  10:56  SCV  
  101  10:57  Supply Depot  
  101  10:58  Supply Depot x2, Hellion x2  
  101  11:00  Supply Depot  
  101  11:02  Siege Tank  
  108  11:09  Supply Depot, Siege Tank  
  108  11:10  Hellion x2  
  113  11:20  Hellion x2  
  113  11:29  Hellion  
  113  11:31  Hellion x2  
  113  11:32  SCV x3  
  114  11:34  Hellion  
  114  11:36  Viking  
  114  11:41  Hellion  
  114  11:44  SCV x3  
  114  11:46  Hellion  
  114  11:47  Hellion  
  119  11:50  Hellion  
  119  11:53  Hellion  
  123  11:56  SCV  
Show
View Real Time Build Order
Export as new Build Order

MorN Terran 

Build Orders: Reaper Expand, MMM Bio 

Get SALT Encoding   

  12  0:00  SCV  
  13  0:15  SCV  
  13  0:20  Supply Depot  
  14  0:27  SCV  
  15  0:42  SCV  
  16  0:43  Barracks  
  16  0:52  Refinery  
  16  0:54  SCV  
  17  1:08  SCV  
  18  1:20  SCV  
  19  1:33  Orbital Command  
  19  1:35  Reaper  
  20  1:42  Command Center  
  20  2:02  Supply Depot, SCV  
  20  2:07  Reaper  
  22  2:15  SCV  
  23  2:24  Barracks x2  
  23  2:26  Refinery  
  23  2:29  SCV  
  24  2:39  Barracks Reactor  
  24  2:49  SCV  
  24  3:01  Factory  
  24  3:02  SCV  
  24  3:05  Orbital Command  
  25  3:13  Engineering Bay  
  25  3:14  SCV, Barracks Tech Lab x2  
  25  3:17  Marine x2  
  28  3:27  SCV  
  29  3:32  SCV  
  30  3:39  SCV  
  31  3:44  SCV  
  31  3:46  Stimpack  
  31  3:48  Combat Shields  
  32  3:53  SCV  
  33  3:56  Hellion x2  
  37  4:05  Marine  
  37  4:06  Marine  
  37  4:08  Barracks Reactor  
  37  4:09  SCV x2  
  39  4:19  Supply Depot  
  39  4:20  Hellion x2  
  39  4:21  Starport  
  39  4:22  SCV  
  44  4:25  Marine  
  44  4:26  Marine  
  33  4:54  SCV x2  
  33  4:58  Marine x3  
  33  4:59  Marine  
  39  5:05  Terran Infantry Weapons Level 1  
  39  5:06  SCV x2, Missile Turret, Supply Depot  
  37  5:16  Marine x2  
  37  5:18  SCV x2  
  37  5:25  Marine  
  36  5:30  SCV x2  
  37  5:42  SCV x2  
  39  5:47  Marine x4  
  41  5:52  Medivac x2  
  41  5:54  SCV  
  41  5:56  Supply Depot  
  46  5:57  SCV  
  46  5:59  Factory Tech Lab  
  47  6:04  Marine  
  47  6:06  SCV  
  47  6:07  Marauder x2  
  52  6:23  Marine  
  52  6:24  Missile Turret, Marine  
  54  6:28  Marine x2  
  54  6:29  Siege Tank  
  54  6:30  Medivac x2  
  63  6:34  Supply Depot, SCV  
  63  6:35  SCV, Refinery  
  65  6:44  Marine x2  
  65  6:46  SCV  
  65  6:47  SCV  
  69  6:48  Supply Depot  
  69  6:56  Supply Depot, Marauder x2  
  73  7:01  Terran Infantry Armor Level 1  
  68  7:17  Marine x2  
  70  7:23  Marauder x2  
  70  7:24  SCV  
  75  7:34  Supply Depot  
  75  7:37  Command Center, SCV  
  75  7:38  SCV  
  75  7:40  Refinery  
  77  7:45  Marauder x2  
  77  7:47  Viking x2, Marine  
  77  7:48  Marine  
  85  7:54  SCV  
  86  8:05  Marine x2  
  86  8:06  Marauder  
  86  8:11  Marine  
  76  8:23  Marine x2  
  76  8:25  Medivac x2  
  74  8:27  Marauder  
  74  8:28  Marine  
  74  8:33  Siege Tank  
  74  8:34  Barracks  
  77  8:36  Barracks  
  77  8:41  Marine x2  
  77  8:47  Marauder  
  77  8:48  SCV x2  
  83  8:49  Marauder  
  83  8:50  Orbital Command  
  85  8:56  Engineering Bay  
  85  8:57  Armory  
  85  8:59  Marine  
  85  9:00  SCV  
  87  9:03  SCV  
  87  9:05  Missile Turret, Marine  
  87  9:08  Marauder  
  91  9:10  Marine  
  91  9:12  SCV  
  91  9:13  Medivac x2  
  91  9:16  Marine  
  97  9:23  Marine x2  
  90  9:28  Marauder  
  90  9:29  Marine  
  85  9:34  Marine  
  84  9:40  Barracks Tech Lab  
  84  9:41  Barracks Reactor, Marine  
  82  9:47  Marauder  
  82  9:49  Marauder  
  82  9:52  Marine  
  75  9:59  Marine  
  71  10:02  Barracks  
  71  10:03  Barracks  
  71  10:05  Barracks  
  66  10:09  Marauder  
  66  10:10  Marine  
  66  10:11  Marine, Marauder  
  66  10:12  Medivac x2  
  70  10:16  Marine  
  68  10:23  Marine x2  
  68  10:27  SCV x2  
  68  10:28  Marine  
  70  10:29  Marine  
  70  10:30  Marine  
  70  10:32  Marine  
  70  10:33  Siege Tank  
  70  10:34  Marine  
  70  10:35  SCV  
  78  10:39  SCV x2  
  80  10:42  Marine x2  
  80  10:45  Medivac x2  
  80  10:46  Marine  
  80  10:47  SCV, Marauder  
  80  10:48  Marauder  
  80  10:49  Marine  
  92  10:51  SCV x2, Barracks Tech Lab x2  
  92  10:52  Barracks Reactor, Marine  
  96  11:01  SCV  
  96  11:03  SCV  
  98  11:04  SCV  
  98  11:06  Refinery  
  99  11:13  SCV  
  99  11:16  Marine x3  
  99  11:17  Marauder x4, Marine  
  108  11:30  Marine x2  
  108  11:31  Marine  
  96  11:33  Marine  
  96  11:34  Marine x2  
  96  11:35  Marine  
  96  11:38  Marauder x3, Marine  
  94  11:48  Marine x2  
  94  11:49  Marauder  
  94  11:51  Marine x2  
  104  11:55  Marine  
  104  11:56  Marine  
Tags
 
Composition
MMM Bio
Matchup
TvT
Race
Terran
Replay Pack
MorN pack 1
Add a new tag
Caveats
  • Supply blocks, unpowered buildings, or Contaminate may cause inaccurate times.
  • Supply counts are checked every 10 seconds.